 Dungeon Crawl Stone Soup version 0.23-a0-536-g5e0f5a2 (webtiles) character file.

105 MisterFreud the Ruffian (level 4, -1/41 HPs)
             Began as a Troll Hunter on Dec 6, 2018.
             Killed by nerve-wracking pain
             ... invoked by Grinder
              (6 damage)
             ... on level 3 of the Dungeon.
             The game lasted 00:04:06 (1479 turns).

MisterFreud the Ruffian (Troll Hunter)              Turns: 1479, Time: 00:04:07

Health: -1/41      AC:  6    Str: 21    XL:     4   Next: 53%
Magic:  12/12      EV: 10    Int:  7    God:
Gold:   77         SH:  0    Dex: 10    Spells: 3/3 levels left

rFire    . . .     SeeInvis .     - Unarmed
rCold    . . .     Gourm    +   (no shield)
rNeg     + . .     Faith    .   b - +0 robe
rPois    .         Spirit   .   (helmet restricted)
rElec    .         Reflect  .   o - +0 cloak
rCorr    .         Harm     .   (gloves unavailable)
MR       .....                  (boots unavailable)
Stlth    +.........             (no amulet)
HPRegen  0.53/turn              g - ring of positive energy
MPRegen  0.13/turn              k - ring of magical power

@: about to teleport
A: large, unfitting armour, claws 3, fast metabolism 3, gourmand, regeneration
1, shaggy fur 1, tough skin 2
a: no special abilities


You were on level 3 of the Dungeon.
You were very full.

You visited 1 branch of the dungeon, and saw 3 of its levels.

You collected 77 gold pieces.

Inventory:

Missiles
 c - 5 large rocks (quivered)
 d - 2 throwing nets
 i - 134 stones
Armour
 b - a +0 robe (worn)
 o - a +0 cloak (worn)
Jewellery
 g - a ring of positive energy (left claw)
 k - a ring of magical power (right claw)
Scrolls
 a - a scroll of fear {unknown}
 p - 2 scrolls of remove curse
Potions
 h - a potion of ambrosia
 j - a potion of lignification
 m - a potion of might {unknown}
Comestibles
 f - 4 rations


   Skills:
 - Level 1.5 Fighting
 - Level 3.6 Throwing
 - Level 1.5 Dodging
 - Level 0.3 Stealth
 + Level 4.2 Unarmed Combat


You had 3 spell levels left.
You didn't know any spells.
Your spell library was empty.

Dungeon Overview and Level Annotations

Branches:
Dungeon (3/15)

Altars:

Annotations:
D:2 Sigmund
D:3 Grinder


Innate Abilities, Weirdness & Mutations

You are too large for most types of armour.
You have claws for hands.
Your metabolism is lightning-fast.
You like to eat raw meat.
Your natural rate of healing is unusually fast.
You are covered in fur. (AC +1)
You have very tough skin. (AC +2)


Message History

Unknown command.
You aren't carrying any items that you can evoke.
Unknown command.
Okay, then.
Unknown command.
As you read the scroll of teleportation, it crumbles to dust.
You feel strangely unstable. Grinder hits you.
* * * LOW HITPOINT WARNING * * *
The orc hits you but does no damage.
You mangle the orc!!
You kill the orc!
Grinder says, "Are you a fish?" Grinder gestures at you.
You shrug off the repeated paralysis!
You scratch the kobold.
You kill the kobold!
Grinder says, "What is the universe for?"
Grinder gestures at you. Pain shoots through your body!
You die...

##. ###... ....##
#....!. ## .....!.
##...###########.......
.......†<....5@†.......
################.......
.##.##. .# .# .. .# .#
.#


You could see Grinder.

Vanquished Creatures
  A crimson imp (D:2)
  An adder (D:2)
  2 oozes
  A worm (D:2)
  2 dart slugs
  A leopard gecko (D:1)
  2 orcs (D:3)
  A ball python (D:1)
  A giant cockroach (D:2)
  4 goblins
  3 hobgoblins
  2 jackals (D:3)
  6 kobolds
  A quokka (D:2)
  6 bats
  5 frilled lizards
  4 rats
43 creatures vanquished.

Notes
Turn   | Place    | Note
-------+----------+-------------------------------------------
     0 | D:1      | MisterFreud the Troll Hunter began the quest for the Orb.
     0 | D:1      | Reached XP level 1. HP: 19/19 MP: 0/0
   140 | D:1      | Reached skill level 1 in Unarmed Combat
   321 | D:1      | Reached XP level 2. HP: 27/27 MP: 1/1
   441 | D:1      | Reached skill level 2 in Unarmed Combat
   800 | D:2      | Reached XP level 3. HP: 30/33 MP: 2/2
   924 | D:2      | Reached skill level 3 in Unarmed Combat
   934 | D:2      | Reached XP level 4. HP: 37/41 MP: 3/3
  1087 | D:2      | Reached skill level 4 in Unarmed Combat
  1106 | D:2      | Noticed Sigmund
  1327 | D:3      | Noticed Grinder
  1334 | D:3      | Paralysed by Grinder for 6 turns
  1469 | D:3      | Paralysed by Grinder for 6 turns
  1479 | D:3      | Killed from afar by Grinder

Vault maps used:
D:1:      ncdulo_lavacross
D:2:      minmay_chambers_of_ones, serial_bayou_lagoon_b, uniq_sigmund
D:3:      grunt_ministairs_13, uniq_grinder, uniq_natasha, uniq_robin,
          uniq_jessica

Skill      XL: |  1  2  3  4 |
---------------+-------------+-----
Unarmed Combat | 1 2 3 4 |  4.2
Fighting       | |  1.5
Throwing       | |  3.6
Dodging        | |  1.5
Stealth        | |  0.3

Action                   |  1- 3 |  4- 6 || total
-------------------------+-------+-------++-------
Melee: Unarmed           |    73 |    60 ||   133
       Punch             |     2 |     1 ||     3
Throw: Large rock        |       |     2 ||     2
  Use: Scroll            |     6 |     2 ||     8
       Potion            |       |     1 ||     1
 Stab: Sleeping          |     3 |       ||     3
  Eat: Chunk             |    14 |     4 ||    18
Armor: Robe              |    27 |    27 ||    54
Dodge: Dodged            |    40 |    31 ||    71

Table legend:
 A = Non-vault XP
 B = Vault XP
 C = Vault XP percentage of total XP
 D = Non-vault monster count
 E = Vault monster count
 F = Vault count percentage of total count
                 A         B        C        D         E       F
            +---------+---------+-------+---------+---------+-------
      Total |     150 |       0 |   0.0 |      43 |       0 |   0.0
            +---------+---------+-------+---------+---------+-------
        D:1 |      39 |       0 |   0.0 |      19 |       0 |   0.0
        D:2 |      98 |       0 |   0.0 |      18 |       0 |   0.0
        D:3 |      13 |       0 |   0.0 |       6 |       0 |   0.0
            +---------+---------+-------+---------+---------+-------
